 Dungeon Crawl Stone Soup version 0.19-a0-262-g5df7875 (webtiles) character file.

191 Kidiri the Covered (level 5, 0/33 HPs)
             Began as a Gargoyle Fighter on May 25, 2016.
             Was a Follower of Elyvilon.
             Slain by an ogre
             ... wielding a +0 giant club
              (24 damage)
             ... on level 4 of the Dungeon.
             The game lasted 00:05:56 (3207 turns).

Kidiri the Covered (Gargoyle Fighter)               Turns: 3207, Time: 00:05:56

Health: 0/33       AC: 17    Str: 22    XL:     5   Next: 70%
Magic:  5/5        EV:  5    Int:  9    God:    Elyvilon [*.....]
Gold:   133        SH:  9    Dex:  9    Spells: 0 memorised, 4 levels left

rFire  . . .     SeeInvis .     a - +0 flail
rCold  . . .     Gourm    .     s - +0 plate armour
rNeg   + . .     Faith    .     c - +0 shield
rPois  ∞         Spirit   .     (no helmet)
rElec  +         Dismiss  .     u - +0 cloak
rCorr  .         Reflect  .     (no gloves)
SustAt +         Harm     .     (no boots)
MR     .....                    (no amulet)
Stlth  ..........               y - +2 ring of strength
                                i - ring of sustain attributes

@: not resistant to hostile enchantments, extremely unstealthy
A: negative energy resistance 1, regeneration 1, electricity resistance,
unbreathing, petrification resistance, rot immunity, subdued magic 1, AC +4
a: Lesser Healing, Divine Protection, Renounce Religion


You were on level 4 of the Dungeon.
You worshipped Elyvilon.
Elyvilon was aware of your devotion.
You were not hungry.

You visited 1 branch of the dungeon, and saw 4 of its levels.

You collected 133 gold pieces.

Inventory:

Hand Weapons
 a - a +0 flail (weapon)
Missiles
 q - 5 javelins of penetration (quivered)
 r - 2 throwing nets
Armour
 b - a +0 scale mail
 c - a +0 shield (worn)
 s - a +0 plate armour (worn)
 u - a +0 cloak (worn)
Jewellery
 i - a ring of sustain attributes (left hand)
 v - a +2 ring of intelligence
 y - a +2 ring of strength (right hand)
Wands
 m - a wand of paralysis (20/24)
Scrolls
 e - a scroll of enchant armour {unknown}
 j - 3 scrolls of blinking {unknown}
 k - a scroll of remove curse {unknown}
 n - 2 scrolls of recharging {unknown}
 p - 2 scrolls of immolation {unknown}
 t - a scroll of enchant weapon {unknown}
 x - a scroll of amnesia {unknown}
Potions
 d - a potion of might
 l - a potion of lignification
 o - 4 potions of curing
 w - 2 potions of agility {unknown}
Comestibles
 f - 2 bread rations
 g - 2 meat rations
 h - 2 chunks of flesh


   Skills:
 * Level 3.8 Fighting
 + Level 2.2 Maces & Flails
 + Level 0.8 Throwing
 * Level 4.3 Armour
 * Level 2.2 Dodging
 * Level 4.0 Shields
 + Level 1.0 Invocations


You had 4 spell levels left.
You didn't know any spells.

Dungeon Overview and Level Annotations

Branches:
Dungeon (4/15)
 Temple: D:4-7

Altars:
Dithmenos
Elyvilon
Ru
Yredelemnul
The Shining One

Annotations:
D:4 Edmund, Purgy


Innate Abilities, Weirdness & Mutations

You are resistant to torment.
Your stone body is resilient (AC +4).
You are immune to poison.
You resist negative energy. (rN+)
You are resistant to electric shocks. (rElec)
You can survive without breathing.
You are immune to petrification.
You are immune to rotting.
Your natural rate of healing is unusually fast.
Your spells are a little easier to cast, but a little less powerful.


Message History

There is a stone staircase leading down here.
You climb downwards.
An ogre and Purgy come into view.
Purgy shouts!
The ogre shouts!
You hear a shout!
Found a hunting sling.
There is a stone staircase leading up here.
You barely miss the ogre. You block the ogre's attack.
Purgy hisses menacingly.
The ogre hits you with a giant club!
An adder skeleton comes into view.
Edmund the Younger comes into view.
He is wielding a flail of crushing.
A giant newt comes into view.
You block Edmund's attack.
The giant newt hisses menacingly.
You thump the ogre!
The ogre is heavily wounded.
The ogre hits you but does no damage. The ogre hits you with a giant club!!
Ouch! That really hurt!
You die...

### ..# #.#
#.# #@#####
#.OlT@# #
..#####.##.#
#......@...#
#######.####
#<......#
#..T..........
#.############
...)


You could see Edmund, Purgy, an ogre and a giant newt.

Vanquished Creatures
  A worker ant (D:3)
  A gnoll (D:1)
  8 adders
  3 oozes (D:3)
  3 worms
  A dart slug (D:1)
  2 giant geckos
  3 orcs (D:3)
  A giant cockroach (D:1)
  8 goblins
  4 hobgoblins
  3 jackals (D:1)
  6 kobolds
  2 quokkas
  7 bats
  A giant gecko skeleton (D:2)
  3 giant newts (D:1)
  6 rats
  A spectral orc (D:2)
64 creatures vanquished.

Notes
Turn   | Place    | Note
--------------------------------------------------------------
     0 | D:1      | Kidiri the Gargoyle Fighter began the quest for the Orb.
     0 | D:1      | Reached XP level 1. HP: 14/14 MP: 1/1
    85 | D:1      | Reached XP level 2. HP: 19/19 MP: 2/2
   110 | D:1      | Reached skill level 1 in Dodging
   413 | D:1      | Reached XP level 3. HP: 19/23 MP: 3/3
  1309 | D:2      | Reached XP level 4. HP: 9/28 MP: 4/4
  1524 | D:2      | Gained mutation: Your natural rate of healing is unusually fast. [potion of mutation]
  1524 | D:2      | Gained mutation: Your spells are a little easier to cast, but a little less powerful. [potion of mutation]
  1594 | D:2      | Found a basalt altar of Yredelemnul.
  1795 | D:2      | Found a sacrificial altar of Ru.
  1798 | D:2      | Found a shadowy altar of Dithmenos.
  1800 | D:2      | Found a white marble altar of Elyvilon.
  1828 | D:2      | Became a worshipper of Elyvilon the Healer
  2216 | D:3      | Reached XP level 5. HP: 29/33 MP: 5/5
  2568 | D:3      | Reached * piety under Elyvilon
  2569 | D:3      | Found a glowing golden altar of the Shining One.
  2882 | D:3      | Reached skill level 1 in Invocations
  3192 | D:4      | Noticed Purgy
  3192 | D:4      | Noticed an ogre
  3199 | D:4      | Noticed Edmund
  3207 | D:4      | Slain by an ogre

Vault maps used:
D:1:      erik_arrival_cave_to_civilisation
D:2:      yredelemnul_forgotten_temple_becter, grunt_temple_overflow_open
D:3:      lemuel_doored_altar, kennysheep_boxes
D:4:      kennysheep_mini_moat, kennysheep_generic_room_4, uniq_edmund,
          uniq_purgy

Skill      XL: |  1  2  3  4  5 |
---------------+----------------+-----
Dodging        | 1 2 |  2.2
Armour         | 4 |  4.3
Shields        | 4 |  4.0
Invocations    | 1 |  1.0
Fighting       | |  3.8
Maces & Flails | |  2.2
Throwing       | |  0.8

Action                   |  1- 3 |  4- 6 || total
-------------------------+-------+-------++-------
Melee: Flail             |   165 |   190 ||   355
Throw: Javelin           |     4 |       ||     4
  Use: Scroll            |       |     4 ||     4
       Potion            |       |     1 ||     1
  Eat: Chunk             |     1 |     3 ||     4
       Beef jerky        |       |     2 ||     2
       Pizza             |       |     1 ||     1
Armor: Scale mail        |   111 |       ||   111
       Plate armour      |    69 |   159 ||   228
Dodge: Dodged            |    99 |    37 ||   136
Block: Shield            |   137 |    98 ||   235
